 Dungeon Crawl Stone Soup version 0.28.0-43-g3370ac3207 (webtiles) character file.

Game seed: 11052241148859878388

30 terff the Sneak (level 3, 0/24 HPs)
             Began as an Octopode Brigand on Mar 20, 2022.
             Succumbed to a scorpion's poison
             ... on level 3 of the Dungeon.
             The game lasted 00:01:00 (201 turns).

terff the Sneak (Octopode Brigand)                   Turns: 201, Time: 00:01:00

Health: 0/24       AC:  1    Str: 10    XL:     3   Next: 18%
Magic:  3/3        EV: 12    Int: 13    God:
Gold:   43         SH:  0    Dex: 15    Spells: 2/2 levels left

rFire   . . .      SeeInvis .   a - +2 dagger
rCold   . . .      Faith    .   (no shield)
rNeg    . . .      Spirit   .   (helmet restricted)
rPois   .          Reflect  .   (no amulet)
rElec   .          Harm     .   (no ring)
rCorr   .          Rampage  .   (no ring)
Will    .....                   (no ring)
Stlth   ++++......              (no ring)
HPRegen 0.08/turn               (no ring)
MPRegen 0.08/turn               (no ring)
                                (no ring)
                                (no ring)

@: lethally poisoned (0 -> -3)
A: almost no armour, amphibious, 8 rings, camouflage 1, gelatinous body 1,
(nimble swimmer 1), tentacles
a: no special abilities


You were on level 3 of the Dungeon.
You visited 1 branch of the dungeon, and saw 4 of its levels.

You collected 43 gold pieces.

Inventory:

Hand Weapons
 a - a +2 dagger (weapon)
Missiles
 b - 8 poisoned darts (quivered)
 c - 2 curare-tipped darts
Jewellery
 e - the ring of Qoly Vut {Wiz rPois rF+ Will++ Dex-5}
   (You found it on level 3 of the Dungeon)

   [ring of wizardry]

   It improves your spell success rate.
   Dex:       It affects your dexterity (-5).
   rF:        It protects you from fire.
   rPois:     It protects you from poison.
   Will:      It greatly increases your willpower.
Scrolls
 d - a scroll of immolation {unknown}
 f - a scroll of teleportation {unknown}


   Skills:
 + Level 2.1 Fighting
 + Level 2.3 Short Blades
 + Level 2.2 Throwing
 + Level 1.0 Dodging
 + Level 6.2 Stealth


You had 2 spell levels left.
You didn't know any spells.
Your spell library was empty.

Dungeon Overview and Level Annotations

Branches:
Dungeon (4/15)
 Temple: D:4-7

Altars:


Innate Abilities, Weirdness & Mutations

You cannot wear most types of armour.
You are amphibious.
You can wear up to eight rings at the same time.
Your skin changes colour to match your surroundings (Stealth+).
Your rubbery body absorbs attacks. (AC +1, EV +1)
((You are camouflaged when in or above water. (Stealth+)))
You have tentacles for arms and can constrict up to eight enemies at once.


Message History

a +0 short sword; a +0 scale mail; the human corpse of Terence
There is a stone staircase leading up here.
Found a stone staircase leading down.
Found 16 gold pieces.
You now have 34 gold pieces (gained 16).
Found 9 gold pieces.
There is a dry fountain here.
Found a flickering tin ring.
You now have 43 gold pieces (gained 9).
Found a scroll labelled ESOSHE KEOBLO.
e - the ring of Qoly Vut {Wiz rPois rF+ Will++ Dex-5}
f - a scroll labelled ESOSHE KEOBLO
There are no items here.
There is a stone staircase leading down here.
You climb downwards.
Found 14 gold pieces.
Found a stone staircase leading down.
There is a stone staircase leading up here.
The scorpion stings you!
You are poisoned.
The scorpion poisons you!
You hit the scorpion. You grab the scorpion.
The scorpion is lightly wounded.
You constrict the scorpion, but do no damage.
You feel sick. The scorpion stings you.
You hit the scorpion.
The scorpion is moderately wounded.
You constrict the scorpion.
You feel sick. The scorpion barely misses you.
You hit the scorpion.
The scorpion is heavily wounded.
You constrict the scorpion.
You feel sick. The scorpion stings you.
* * * LOW HITPOINT WARNING * * *
You release your grip on the scorpion.
* * * LOW HITPOINT WARNING * * *
You feel sick.
There is a stone staircase leading up here.
* * * LOW HITPOINT WARNING * * *
You feel sick. The scorpion stings you.
* * * LOW HITPOINT WARNING * * *
You climb upwards.
You die...

.........#..#.#######
#.###....#..#........
......#.##..#.######.
#.###.####8.#......#
.<.......8⌠.#.####.# #
###....8....#.####.#.#
......#######........#
####...#.........s...#
................@....#
###.#.......##########
###'#..##.###
.....<..#...
.)....#.#..##
......#.#...
......#.##.##
......#.# .# .....##.#


You could see a scorpion.

Vanquished Creatures
  Terence (D:3)
  2 endoplasms
  A giant cockroach (D:1)
  A kobold (D:1)
5 creatures vanquished.

Notes
Turn   | Place    | Note
-------+----------+-------------------------------------------
     0 | D:1      | terff the Octopode Brigand began the quest for the Orb.
     0 | D:1      | Reached XP level 1. HP: 14/14 MP: 1/1
    83 | D:3      | Noticed Terence
    87 | D:3      | Killed Terence
    88 | D:3      | Reached skill level 6 in Stealth
    88 | D:3      | Reached XP level 2. HP: 18/19 MP: 2/2
    88 | D:3      | Reached XP level 3. HP: 23/24 MP: 3/3
   140 | D:3      | Identified the ring of Qoly Vut {Wiz rPois rF+ Will++
                  | Dex-5}
   194 | D:4      | Noticed a scorpion
   200 | D:4      | HP: 1/24 [scorpion (3)]
   201 | D:3      | Succumbed to a scorpion's poison

Illustrated notes

Levels and vault maps discovered:
D:1:      dpeg_arrival_rooms_b, layout_loops_cross,
          hellmonk_ecumenical_altar_crossroads
D:2:      layout_basic, hangedman_decor_points
D:3:      layout_basic, chequers_decorated_corner, hex_intersection, uniq_ijyb,
          uniq_terence
D:4:      layout_loops_corners, hellmonk_ghost_happy_afterlife,
          grunt_decor_clamped, minmay_misc_feat_room

Skill      XL: |  1 |
---------------+----+-----
Stealth        | 6 |  6.2
Fighting       | |  2.1
Short Blades   | |  2.3
Throwing       | |  2.2
Dodging        | |  1.0

Action                   || total
-------------------------++-------
Melee: Dagger            ||     8
       Tentacles         ||     2
       Constrict         ||     1
 Stab: Sleeping          ||     3
Dodge: Dodged            ||     1
